 Dungeon Crawl Stone Soup version 0.28-a0-194-g42b4daccc1 (webtiles) character file.

Game seed: 351424482564355768

33 willcat the Sneak (level 3, -1/26 HPs)
             Began as an Octopode Delver on Aug 18, 2021.
             Slain by a water moccasin zombie (8 damage)
             ... on level 6 of the Dungeon.
             The game lasted 00:00:29 (129 turns).

willcat the Sneak (Octopode Delver)                  Turns: 129, Time: 00:00:30

Health: -1/26      AC:  1    Str: 11    XL:     3   Next: 29%
Magic:  3/3        EV: 13    Int: 12    God:
Gold:   0          SH:  0    Dex: 14    Spells: 2/2 levels left

rFire   . . .      SeeInvis .   a - +0 short sword
rCold   . . .      Faith    .   (no shield)
rNeg    . . .      Spirit   .   (helmet restricted)
rPois   .          Reflect  .   (no amulet)
rElec   .          Harm     .   (no ring)
rCorr   .          Rampage  .   (no ring)
Will    .....                   (no ring)
Stlth   ++++......              (no ring)
HPRegen 0.08/turn               (no ring)
MPRegen 0.08/turn               (no ring)
                                (no ring)
                                (no ring)

@: no status effects
A: almost no armour, amphibious, 8 rings, camouflage 1, gelatinous body 1,
(nimble swimmer 1), tentacles
a: no special abilities


You were on level 6 of the Dungeon.
You visited 1 branch of the dungeon, and saw 2 of its levels.

Inventory:

Hand Weapons
 a - a +0 short sword (weapon)
Wands
 f - a wand of digging (3)
 h - a wand of iceblast (9)
Scrolls
 b - a scroll of fog
 c - a scroll of magic mapping
 d - a scroll of fear
 g - a scroll of brand weapon {unknown}
Potions
 e - a potion of haste


   Skills:
 - Level 3.0 Fighting
 + Level 2.6 Short Blades
 + Level 2.6 Dodging
 + Level 7.1 Stealth


You had 2 spell levels left.
You didn't know any spells.
Your spell library was empty.

Dungeon Overview and Level Annotations

Branches:
Dungeon (6/15)
 Temple: D:4-7

Altars:


Innate Abilities, Weirdness & Mutations

You cannot wear most types of armour.
You are amphibious.
You can wear up to eight rings at the same time.
Your skin changes colour to match your surroundings (Stealth+).
Your rubbery body absorbs attacks. (AC +1, EV +1)
((You are camouflaged near water. (Stealth+)))
You have tentacles for arms and can constrict up to eight enemies at once.


Message History

You hit the orc. You grab the orc. You squeeze the orc.
You kill the orc!
You hit the orc but do no damage. You grab the orc. You constrict the orc.
The orc closely misses you.
You hit the orc. Your squeeze misses the orc.
The orc is lightly wounded.
You constrict the orc. The orc closely misses you.
You hit the orc. You squeeze the orc.
You kill the orc!
An orc warrior comes into view. It is wielding a +0 long sword.
The orc warrior moves out of view.
The water moccasin zombie bites you.
The orc wizard casts a spell.
The orc wizard flickers and vanishes!
Deactivating autopickup; reactivate with Ctrl-A.
Things that are here:
a +0 club; a +0 robe; an orc corpse You see here 15 stones.
The water moccasin zombie bites you.
You closely miss the water moccasin zombie.
You grab the water moccasin zombie. You squeeze the water moccasin zombie!
The water moccasin zombie is lightly damaged.
You constrict the water moccasin zombie.
The water moccasin zombie bites you.
You hit the water moccasin zombie.
The water moccasin zombie is moderately damaged.
You constrict the water moccasin zombie.
The water moccasin zombie bites you.
* * * LOW HITPOINT WARNING * * *
Unknown command.
You hit the water moccasin zombie.
The water moccasin zombie is heavily damaged.
You constrict the water moccasin zombie.
The water moccasin zombie barely misses you.
Unknown command.
You hit the water moccasin zombie.
The water moccasin zombie is heavily damaged.
You constrict the water moccasin zombie.
The water moccasin zombie bites you!
You die...

.. .. ######
#####' #....#
#..... #.##.#
..... #.##.# ...
#.##.#
####)#####@##'####
#......).#Z#.....#
#....###.#{#.....#
#.... #.(.#.....#
#.... #####.....#
#.... ##.....#
#.... #<.....#
..... #.#'####
###### #.#.#


You could see a water moccasin zombie.

Vanquished Creatures
  A bullfrog skeleton (D:6)
  3 orcs (D:6)
4 creatures vanquished.

Notes
Turn   | Place    | Note
-------+----------+-------------------------------------------
     0 | D:5      | willcat the Octopode Delver began the quest for the Orb.
     0 | D:5      | Reached XP level 1. HP: 16/16 MP: 1/1
    22 | D:5      | Noticed an ogre
    48 | D:6      | Reached skill level 7 in Stealth
    48 | D:6      | Reached XP level 2. HP: 21/21 MP: 2/2
    48 | D:6      | Reached XP level 3. HP: 26/26 MP: 3/3
   118 | D:6      | Noticed an orc warrior
   129 | D:6      | Slain by a water moccasin zombie

Illustrated notes

Levels and vault maps discovered:
D:5:      layout_loops_cross, makhleb_altar_promises_db, kennysheep_dice
D:6:      layout_basic, mainiacjoe_overflow_concentric_impassable,
          mainiacjoe_overflow_swirl, portal_sewer_entry_e, uniq_grinder

Skill      XL: |  1 |
---------------+----+-----
Stealth        | 7 |  7.1
Fighting       | |  3.0
Short Blades   | |  2.6
Dodging        | |  2.6

Action                   || total
-------------------------++-------
Melee: Short sword       ||    13
       Constrict         ||     5
       Tentacles         ||     3
 Stab: Sleeping          ||     1
Dodge: Dodged            ||     6

Table legend: (Time is in decaauts)
 A = Elapsed time spent in this place.
 B = Non-inter-level travel time spent in this place.
 C = Inter-level travel time spent in this place.
 D = Time resting spent in this place.
 E = Time spent auto-exploring this place.
 F = Levels seen in this place.
 G = Mean time per level.
                   A        B        C        D        E       F      G
               +--------+--------+--------+--------+--------+-----+--------+
         Total |    128 |    128 |      0 |      0 |     69 |   2 |   64.0 |
       Dungeon |    128 |    128 |      0 |      0 |     69 |   2 |   64.0 |
               +--------+--------+--------+--------+--------+-----+--------+

Top non-repeatable levels by time:
     D:6: 87 daAuts
     D:5: 41 daAuts
